AoeStats
← DIKICI ZOMMO

Arabia

508239480Analyzed
1v1 RM · 9d ago on Sep 21, 2026· 37m 15s· 2 players
Game mode
Random Map
Map size
Tiny (2 player)
Population
200
Speed
Normal
Resources
Standard
Victory
Conquest
Starting age
Dark Age
Ending age
Imperial Age
RankedLock teamsTeams togetherTeam positionsShared explorationLock speedFull tech treeHidden civsTurbo modeCheats
Victory
Defeat
🇹🇷 Franks · Türkiye
820
+16
🇦🇷 Goths · Argentina
816
-16
nestor_bloque
3:56 Loom
10:40 Feudal Age
11:29 Double-Bit Axe
11:45 Man-at-Arms
20:04 Wheelbarrow
23:50 Castle Age
24:52 Squires
28:37 Horse Collar
29:52 Pikeman
32:37 Forging
32:28 Scale Mail Armor
33:23 Stone Mining
33:24 Gold Mining
34:19 Hand Cart
34:42 Long Swordsman
36:02 Iron Casting
35:42 Chain Mail Armor
DIKICI ZOMMO
9:17 Loom
11:05 Feudal Age
12:35 Arson
12:55 Loom
15:02 Double-Bit Axe
18:36 Gold Mining
21:39 Scale Barding Armor
27:02 Castle Age
25:41 Forging
28:53 Stone Mining
29:52 Chain Barding Armor
33:14 Padded Archer Armor
33:49 Stone Mining
36:06 Iron Casting
36:41 Leather Archer Armor
Connection lost

Rejoining the realm…

Still unreachable

The connection could not be restored.

Session expired

The server has moved on; the page needs a fresh start.